[Event "Titled Tuesday Blitz March 28 Late 2023"]
[White "Zampronha, Wladimir Camilo"]
[Black "Matute Escobar, Roxanny"]
[WhiteFideId "2103087"]
[BlackFideId "3926028"]
[WhiteElo "2176"]
[BlackElo "1732"]
[Result "0-1"]
[Round "03"]
[TimeControl "180+2"]
[Date "2023.03.28"]
[WhiteClock "0:00:13"]
[BlackClock "0:00:08"]

1. e4 c5 2. Nf3 d6 3. d4 cxd4 4. Nxd4 Nf6 5. Nc3 g6 6. Be3 Bg7 7. f3 O-O 8. Qd2 Nc6 9. O-O-O Bd7 10. h4 h5 11. Bc4 Rc8 12. Bb3 Ne5 13. Bg5 Rc5 14. f4 Neg4 15. Qe2 b5 16. f5 Kh7 17. Nf3 gxf5 18. exf5 Bxf5 19. Kb1 a5 20. Nd4 Bg6 21. Ndxb5 Qb6 22. a4 Rxc3 23. Nxc3 Qxb3 24. Kc1 Qb6 25. Qxe7 Rb8 26. Nb5 Ne4 27. Rhe1 Rb7 28. Qd8 Qc5 29. Qxa5 Nef2 30. Rd2 Ne4 31. Rde2 Qe5 32. c3 Ngf2 33. Qa8 Nd3+ 34. Kb1 Nxe1 35. Qxb7 Nxc3+ 36. Ka1 Qxe2 37. Nxc3 Qc2 38. a5 Bxc3 39. bxc3 Qxc3+ 40. Ka2 Qc2+ 41. Qb2 Qa4+ 42. Qa3 Bb1+ 43. Kb2 Qxa3+ 44. Kxa3 Bd3 45. Kb4 Nxg2 46. Kc3 Ba6 47. Kd4 Kg6 48. Kd5 Kf5 49. Kxd6 Kg4 50. Ke7 f5 51. Kf6 f4 52. Kg6 Nxh4+ 53. Bxh4 Kxh4 54. Kf5 f3 0-1


[Site "https://www.chess.com"]

[Event "Titled Tuesday Blitz March 28 Late 2023"]
[White "dorpato"]
[Black "Mazibuko, Khanya"]
[BlackFideId "14321041"]
[WhiteElo "2039"]
[BlackElo "1873"]
[Result "0-1"]
[Round "03"]
[TimeControl "180+2"]
[Date "2023.03.28"]
[WhiteClock "0:00:19"]
[BlackClock "0:02:15"]

1. d4 Nf6 2. c4 c5 3. d5 b5 4. cxb5 a6 5. bxa6 g6 6. Nc3 Bxa6 7. e4 Bxf1 8. Kxf1 d6 9. Nf3 Bg7 10. g3 O-O 11. Kg2 Nbd7 12. a4 Qb6 13. Ra3 Rfb8 14. Nb5 Nxe4 15. Qe2 Ndf6 16. Rd1 Qb7 17. Qd3 Rc8 18. Ng5 Nxg5 19. Bxg5 c4 20. Qf3 Rc5 21. Re3 h6 22. Bxf6 Bxf6 23. Re2 Rxa4 24. Nc3 Raa5 25. h4 Bxc3 26. bxc3 Rxd5 27. Rxd5 Qxd5 28. Qxd5 Rxd5 29. Rxe7 Rd3 30. Rd7 Kg7 31. Kf1 Kf6 32. Ke2 Ke6 33. Rd8 Rxc3 34. Rh8 h5 35. Rc8 d5 36. f3 Ke5 37. Rc7 Kd4 38. Rxf7 Rc2+ 39. Kd1 Rg2 40. g4 hxg4 41. fxg4 Rxg4 42. Rf6 Kd3 43. Ke1 c3 44. Rd6 d4 0-1


[Site "https://www.chess.com"]

[Event "Titled Tuesday Blitz March 28 Late 2023"]
[White "Maluco_do_Natal_00"]
[Black "Nery Junior, Jose Antonio"]
[BlackFideId "2104822"]
[WhiteElo "2033"]
[BlackElo "2197"]
[Result "0-1"]
[Round "03"]
[TimeControl "180+2"]
[Date "2023.03.28"]
[WhiteClock "0:00:01"]
[BlackClock "0:00:18"]

1. e4 c5 2. Nf3 d6 3. d4 cxd4 4. Nxd4 Nf6 5. Nc3 a6 6. Be3 e5 7. Nb3 Be6 8. Qd2 Be7 9. f3 h5 10. O-O-O Nbd7 11. h3 h4 12. f4 Qc7 13. f5 Bc4 14. Bg5 b5 15. Bxc4 bxc4 16. Na1 Rb8 17. Rhe1 Qb7 18. b3 Rh5 19. Bxf6 Nxf6 20. Nd5 Nxd5 21. Qxd5 cxb3 22. cxb3 Rc8+ 23. Kb1 Qxd5 24. Rxd5 Rg5 25. Re2 Rg3 26. Nc2 Rgc3 27. Ne3 Rb8 28. Kb2 Rc6 29. Rc2 Rxc2+ 30. Kxc2 Kd7 31. Nc4 Kc6 32. Ra5 Ra8 33. Kd3 Bd8 34. Rd5 Bc7 35. a4 f6 36. Kc2 Rb8 37. Rd3 Rg8 0-1


[Site "https://www.chess.com"]

[Event "Titled Tuesday Blitz March 28 Late 2023"]
[White "Dardha, Arben"]
[Black "Maranhao,Jose Renato Ruiz"]
[WhiteFideId "4700481"]
[BlackFideId "2135175"]
[WhiteElo "2196"]
[BlackElo "1970"]
[Result "1-0"]
[Round "03"]
[TimeControl "180+2"]
[Date "2023.03.28"]
[WhiteClock "0:01:03"]
[BlackClock "0:00:01"]

1. e4 g6 2. d4 Bg7 3. Nc3 a6 4. Be3 b5 5. a3 Bb7 6. Qd2 d6 7. h4 h5 8. Nf3 Nd7 9. Bd3 Ngf6 10. Ng5 O-O 11. f3 c5 12. g4 hxg4 13. h5 Nxh5 14. fxg4 cxd4 15. gxh5 dxc3 16. Qh2 cxb2 17. hxg6 bxa1=Q+ 18. Ke2 Qxh1 19. Qxh1 Nf6 20. Qh4 fxg6 21. e5 Nh5 22. Bxg6 Bf3+ 23. Ke1 Bxe5 24. Bxh5 Qa5+ 25. Bd2 Qxd2+ 26. Kxd2 Bf4+ 27. Kd3 1-0


[Site "https://www.chess.com"]

[Event "Titled Tuesday Blitz March 28 Late 2023"]
[White "Nakamura, Hikaru"]
[Black "Bortnyk, Mykola"]
[WhiteFideId "2016192"]
[BlackFideId "14120836"]
[WhiteElo "2879"]
[BlackElo "2582"]
[Result "1-0"]
[Round "04"]
[TimeControl "180+2"]
[Date "2023.03.28"]
[WhiteClock "0:01:11"]
[BlackClock "0:00:04"]

1. e4 Nf6 2. e5 Nd5 3. d4 d6 4. c4 Nb6 5. f4 dxe5 6. fxe5 Nc6 7. Be3 Bf5 8. Nc3 e6 9. Nf3 Qd7 10. h3 O-O-O 11. Rc1 f6 12. exf6 gxf6 13. Be2 Rg8 14. g4 Bg6 15. Kf2 h5 16. c5 Nd5 17. Nxd5 exd5 18. Nh4 Be4 19. Rg1 Kb8 20. Qd2 hxg4 21. hxg4 Rh8 22. Nf3 f5 23. gxf5 Qxf5 24. Rcf1 Bxc5 25. dxc5 d4 26. Bf4 Rhf8 27. Kg3 d3 28. Bd1 Ne7 29. Ng5 Qg6 30. Bg4 Bf5 31. Bf3 Rg8 32. Kf2 Bd7 33. Bxc7+ Kxc7 34. Qf4+ Kc8 35. Nf7 Qe6 36. Nd6+ Kb8 37. Nb5+ 1-0


[Site "https://www.chess.com"]

[Event "Titled Tuesday Blitz March 28 Late 2023"]
[White "Terry, Renato"]
[Black "Vachier-Lagrave, Maxime"]
[WhiteFideId "3803457"]
[BlackFideId "623539"]
[WhiteElo "2579"]
[BlackElo "2740"]
[Result "1-0"]
[Round "04"]
[TimeControl "180+2"]
[Date "2023.03.28"]
[WhiteClock "0:00:07"]
[BlackClock "0:00:11"]

1. Nf3 d5 2. e3 c6 3. b3 g6 4. Bb2 Nf6 5. c4 Bg7 6. Be2 O-O 7. O-O Bg4 8. h3 Bxf3 9. Bxf3 Nbd7 10. d3 e6 11. Nd2 Qc7 12. Qc2 Rfd8 13. Rfd1 a5 14. a3 Qd6 15. Rac1 h5 16. Be2 b5 17. cxb5 cxb5 18. Qc6 Qb8 19. d4 b4 20. a4 Rc8 21. Qb5 Qa7 22. g3 Bf8 23. Kg2 Kg7 24. Bd3 Ne8 25. Be2 Nd6 26. Qd3 Nf6 27. Bf3 Qb7 28. Kh2 Nfe4 29. Kg2 Ng5 30. Be2 Be7 31. f3 Nh7 32. g4 hxg4 33. hxg4 Nf6 34. Rh1 Rxc1 35. Bxc1 Rc8 36. Bb2 Rc7 37. Rc1 Rxc1 38. Bxc1 Qc8 39. Bb2 Nd7 40. Bd1 Bg5 41. Nf1 Nf6 42. Qc2 Qa6 43. Be2 Qa8 44. Qc7 Nfe8 45. Qc5 Be7 46. Ng3 Kf8 47. Qc1 Qb7 48. Bd3 Bg5 49. Nf1 Kg8 50. Qc5 Bd8 51. Qc2 Bb6 52. Qc1 Qe7 53. Ng3 Bc7 54. Ne2 Qg5 55. e4 Qxc1 56. Bxc1 dxe4 57. fxe4 Bb6 58. Bf4 Nc8 59. Kf3 Ne7 60. Be3 Nd6 61. Bf4 Ne8 62. Bb5 Nc7 63. Bc4 Nc6 64. Be3 Kg7 65. e5 Ne7 66. Ke4 Ncd5 67. Bd2 f6 68. exf6+ Nxf6+ 69. Kf3 Ned5 70. Bg5 Nh7 71. Bd2 Kf7 72. Nf4 Nhf6 73. Ne2 Ne8 74. Bc1 Nd6 75. Bd3 Ne7 76. Bd2 Ne8 77. Be3 Nf6 78. Bc4 Ned5 79. Bd2 Nd7 80. Bg5 Nb8 81. Bh4 Nc6 82. Bf2 g5 83. Bb5 Nce7 84. Bc4 Kf6 85. Ng3 Nc3 86. Ne4+ Nxe4 87. Kxe4 Nc8 88. Bg3 Ne7 89. Be5+ Kf7 90. d5 exd5+ 91. Bxd5+ Kg6 92. Bd6 Nc8 93. Be5 Ne7 94. Bb7 Kf7 95. Bg3 Ke6 96. Ba6 Kf6 97. Be5+ Ke6 98. Bc4+ Kd7 99. Bf6 Nc8 100. Bxg5 Nd6+ 101. Kd5 Ne8 102. Bb5+ 1-0


[Site "https://www.chess.com"]

[Event "Titled Tuesday Blitz March 28 Late 2023"]
[White "Bortnyk, Olexandr"]
[Black "Mekhitarian, Krikor Sevag"]
[WhiteFideId "14120828"]
[BlackFideId "2107660"]
[WhiteElo "2734"]
[BlackElo "2604"]
[Result "1-0"]
[Round "04"]
[TimeControl "180+2"]
[Date "2023.03.28"]
[WhiteClock "0:00:19"]
[BlackClock "0:00:06"]

1. d4 Nf6 2. Nc3 d5 3. Bf4 a6 4. e3 Bf5 5. Nf3 e6 6. Ne5 h6 7. Bd3 Bxd3 8. cxd3 Bd6 9. O-O O-O 10. Qb3 b6 11. h3 Nfd7 12. Rac1 Bxe5 13. dxe5 c5 14. d4 Nc6 15. Rfd1 c4 16. Qc2 Nb4 17. Qe2 Nd3 18. Rc2 b5 19. a3 Rb8 20. Rxd3 cxd3 21. Qxd3 Rc8 22. Re2 Nb6 23. e4 Kh8 24. Bd2 Nc4 25. Bc1 dxe4 26. Nxe4 Nxe5 27. Qd1 Nc6 28. Be3 Ne7 29. Bf4 Nf5 30. Rd2 Qd5 31. Nc3 Qc4 32. g4 Nh4 33. Bg3 Ng6 34. h4 Rfd8 35. g5 hxg5 36. hxg5 Kg8 37. Kh2 a5 38. Ne4 Qd5 39. Qg4 Qf5 40. Qxf5 exf5 41. Nd6 f4 42. Nxc8 fxg3+ 43. Kxg3 Rxc8 44. d5 Kf8 45. d6 Ne5 46. Rd5 Nd7 47. Rxb5 a4 48. Ra5 Rb8 49. Rxa4 Rxb2 50. Ra7 Ke8 51. a4 Rb6 52. Ra8+ Rb8 53. Ra7 g6 54. a5 Kd8 55. a6 Rb3+ 56. Kf4 Ra3 57. Ra8+ Nb8 58. Rxb8+ Kd7 59. Rb6 Ra5 60. f3 Ke6 61. Kg4 Ra4+ 62. f4 Kd7 63. Kf3 Ke6 64. Kg3 Kd7 65. Rb7+ Ke6 66. a7 Kxd6 67. Rxf7 Kd5 68. f5 gxf5 69. g6 Ke6 70. Rb7 Ra3+ 71. Kf2 Ra4 72. g7 1-0


[Site "https://www.chess.com"]

[Event "Titled Tuesday Blitz March 28 Late 2023"]
[White "Svane, Frederik"]
[Black "Erigaisi Arjun"]
[WhiteFideId "12923044"]
[BlackFideId "35009192"]
[WhiteElo "2502"]
[BlackElo "2737"]
[Result "1-0"]
[Round "04"]
[TimeControl "180+2"]
[Date "2023.03.28"]
[WhiteClock "0:01:13"]
[BlackClock "0:00:39"]

1. e4 d6 2. d4 g6 3. Nc3 Bg7 4. Nf3 a6 5. a4 Nc6 6. Be2 e5 7. dxe5 Nxe5 8. Nxe5 Bxe5 9. O-O Nf6 10. f4 Bxc3 11. bxc3 O-O 12. Bf3 Re8 13. c4 Nxe4 14. Bb2 Nc5 15. Qd4 f6 16. Rfe1 Be6 17. f5 gxf5 18. Qh4 Nd7 19. Rxe6 Rxe6 20. Bd5 Qe7 21. Re1 Ne5 22. Bxe5 dxe5 23. Rxe5 Qc5+ 24. Kf1 1-0


[Site "https://www.chess.com"]

[Event "Titled Tuesday Blitz March 28 Late 2023"]
[White "Caruana, Fabiano"]
[Black "Grigoriants, Sergey"]
[WhiteFideId "2020009"]
[BlackFideId "4130804"]
[WhiteElo "2818"]
[BlackElo "2502"]
[Result "1-0"]
[Round "04"]
[TimeControl "180+2"]
[Date "2023.03.28"]
[WhiteClock "0:01:00"]
[BlackClock "0:00:01"]

1. e4 e5 2. Nf3 Nc6 3. Bb5 a6 4. Ba4 Nf6 5. d3 Bc5 6. c3 d6 7. O-O b5 8. Bb3 h6 9. a4 Rb8 10. h3 O-O 11. Re1 Re8 12. Nbd2 Bb6 13. Nf1 Na5 14. Bc2 c5 15. Ng3 Nc6 16. Nh2 d5 17. axb5 axb5 18. Qf3 dxe4 19. dxe4 c4 20. Ng4 Nxg4 21. hxg4 f6 22. Nf5 Bc5 23. g3 Ne7 24. Kg2 Bb7 25. Rh1 Nxf5 26. gxf5 Bf8 27. Be3 Qc7 28. Qg4 Kf7 29. Qg6+ Ke7 30. Rad1 Red8 31. Bxh6 Rxd1 32. Rxd1 Rd8 33. Bxg7 1-0


[Site "https://www.chess.com"]

[Event "Titled Tuesday Blitz March 28 Late 2023"]
[White "Ibarra Jerez, Jose Carlos"]
[Black "Firouzja, Alireza"]
[WhiteFideId "2226332"]
[BlackFideId "12573981"]
[WhiteElo "2638"]
[BlackElo "2904"]
[Result "0-1"]
[Round "04"]
[TimeControl "180+2"]
[Date "2023.03.28"]
[WhiteClock "0:00:11"]
[BlackClock "0:00:50"]

1. e4 c5 2. Ne2 Nf6 3. Nbc3 d6 4. g3 g6 5. Bg2 Bg7 6. d4 cxd4 7. Nxd4 O-O 8. O-O Bg4 9. f3 Bd7 10. Be3 Nc6 11. Qd2 Rc8 12. Nde2 a6 13. Rad1 b5 14. Nd5 Nxd5 15. exd5 Ne5 16. b3 b4 17. Nd4 Rc3 18. Bh6 Bxh6 19. Qxh6 Qa5 20. Qh4 Re8 21. f4 Ng4 22. Bh3 Nf6 23. Bxd7 Nxd7 24. Qg5 Nf6 25. Nf5 Qc5+ 26. Kh1 Ne4 27. Nh6+ Kg7 28. Nf5+ Kh8 0-1


[Site "https://www.chess.com"]

[Event "Titled Tuesday Blitz March 28 Late 2023"]
[White "Fedoseev, Vladimir"]
[Black "Fressinet, Laurent"]
[WhiteFideId "24130737"]
[BlackFideId "608742"]
[WhiteElo "2752"]
[BlackElo "2633"]
[Result "1-0"]
[Round "04"]
[TimeControl "180+2"]
[Date "2023.03.28"]
[WhiteClock "0:00:11"]
[BlackClock "0:00:02"]

1. e4 c5 2. Nf3 Nc6 3. Bb5 g6 4. O-O Bg7 5. Re1 e5 6. Bxc6 dxc6 7. d3 Ne7 8. a3 a5 9. Nbd2 f6 10. Nc4 Be6 11. Be3 b6 12. Nfd2 a4 13. Nb1 O-O 14. Nc3 Nd5 15. Qd2 Nxe3 16. Qxe3 b5 17. Nd2 Qd4 18. Qg3 Bh6 19. Nf3 Qd6 20. Qh4 Bg7 21. h3 Ra7 22. Red1 Qc7 23. Nd2 Qf7 24. f3 Rd8 25. Qf2 Bf8 26. Kh2 Rad7 27. Qe2 Bh6 28. g3 c4 29. Nf1 cxd3 30. Rxd3 Bc4 31. Rxd7 Rxd7 32. Qg2 Bxf1 33. Rxf1 Qc4 34. Nb1 Be3 35. Re1 Bb6 36. Qe2 Qxe2+ 37. Rxe2 Rd1 38. Nc3 Rf1 39. Kg2 Rg1+ 40. Kh2 Rf1 41. Kg2 Rg1+ 42. Kh2 Rc1 43. Na2 Rb1 44. c3 c5 45. c4 bxc4 46. Nc3 Rc1 47. Nxa4 Ba5 48. Nxc5 c3 49. Nb3 cxb2 50. Rxb2 Bc3 51. Ra2 Rb1 52. Nc5 Rb5 53. Nd3 Rb3 54. Kg2 Ba5 55. Nc5 Rb5 56. Nd3 Rb3 57. Nc5 Rb5 58. Nd7 Kf7 59. a4 1-0


[Site "https://www.chess.com"]

[Event "Titled Tuesday Blitz March 28 Late 2023"]
[White "Rasulov, Vugar"]
[Black "Svane, Rasmus"]
[WhiteFideId "13402390"]
[BlackFideId "4657101"]
[WhiteElo "2509"]
[BlackElo "2597"]
[Result "0-1"]
[Round "04"]
[TimeControl "180+2"]
[Date "2023.03.28"]
[WhiteClock "0:00:01"]
[BlackClock "0:00:07"]

1. d4 Nf6 2. Nf3 d5 3. c4 e6 4. g3 Bd6 5. Bg2 O-O 6. O-O Nc6 7. Bg5 h6 8. Bxf6 Qxf6 9. e3 dxc4 10. Nbd2 e5 11. d5 Na5 12. Qc2 Bf5 13. Qc3 b6 14. Nxc4 Nxc4 15. Qxc4 Rfd8 16. Nd2 a5 17. a4 g6 18. Rac1 Kg7 19. h3 h5 20. h4 Qe7 21. Rfd1 Rac8 22. Kh2 Re8 23. Bh3 e4 24. Bxf5 gxf5 25. Kg2 Kh7 26. Qe2 Kh6 27. Nc4 Bc5 28. Kf1 Rcd8 29. Qc2 Rd7 30. Nxa5 f4 31. Nc6 Qf6 32. b4 Bd6 33. exf4 e3 34. Re1 Bxf4 35. gxf4 Qxf4 36. Re2 Qf3 37. Rxe3 Rxe3 38. Kg1 Rd6 39. Ne7 Rxe7 40. Qd2+ Kh7 0-1


[Site "https://www.chess.com"]

[Event "Titled Tuesday Blitz March 28 Late 2023"]
[White "Bluebaum, Matthias"]
[Black "Drygalov, Sergey"]
[WhiteFideId "24651516"]
[BlackFideId "24171743"]
[WhiteElo "2638"]
[BlackElo "2533"]
[Result "1/2-1/2"]
[Round "04"]
[TimeControl "180+2"]
[Date "2023.03.28"]
[WhiteClock "0:00:05"]
[BlackClock "0:00:12"]

1. d4 Nf6 2. c4 e6 3. Nc3 d5 4. cxd5 exd5 5. Bf4 Bd6 6. Bxd6 Qxd6 7. e3 O-O 8. Bd3 c6 9. Nge2 b5 10. Qd2 a5 11. f3 a4 12. a3 b4 13. axb4 Qxb4 14. O-O Nbd7 15. Qc2 Nb6 16. e4 Ba6 17. Bxa6 Rxa6 18. e5 Nfd7 19. Na2 Qb3 20. Qxb3 axb3 21. Nb4 Rxa1 22. Rxa1 c5 23. dxc5 Nxc5 24. Nd4 Nc4 25. Nxd5 Nxb2 26. Rb1 Nc4 27. Nxb3 Nxb3 28. Rxb3 Nxe5 29. f4 Nd7 30. Rb7 Nf6 31. Ne7+ Kh8 32. Nf5 g6 33. Nd6 Kg7 34. g3 h5 35. Kg2 Nd5 36. Kf3 Kg8 37. h3 Nf6 38. g4 hxg4+ 39. hxg4 Ra8 40. g5 Ra3+ 41. Kf2 Nd5 42. Nxf7 Nxf4 43. Nh6+ Kh8 44. Rb8+ Kh7 45. Rb7+ Kh8 46. Nf7+ Kg8 47. Ne5 Ra5 48. Rb8+ Kg7 49. Rb7+ Kg8 50. Ng4 Ne6 51. Nf6+ Kf8 52. Nh7+ Ke8 53. Nf6+ Kd8 54. Nh7 Rf5+ 55. Kg3 Nxg5 56. Nxg5 Rxg5+ 57. Kf4 Rf5+ 58. Kg4 Ke8 59. Rg7 1/2-1/2


[Site "https://www.chess.com"]

[Event "Titled Tuesday Blitz March 28 Late 2023"]
[White "Movahed, Sina"]
[Black "Duda, Jan-Krzysztof"]
[WhiteFideId "42520835"]
[BlackFideId "1170546"]
[WhiteElo "2225"]
[BlackElo "2790"]
[Result "1-0"]
[Round "04"]
[TimeControl "180+2"]
[Date "2023.03.28"]
[WhiteClock "0:00:12"]
[BlackClock "0:00:01"]

1. Nf3 c5 2. e4 d6 3. d4 cxd4 4. Nxd4 Nf6 5. Nc3 a6 6. Bg5 Nbd7 7. Bc4 Qa5 8. Qd2 e6 9. O-O-O b5 10. Bb3 h6 11. Bxf6 Nxf6 12. Rhe1 Bd7 13. f4 Be7 14. e5 dxe5 15. fxe5 b4 16. Nce2 Ne4 17. Qd3 Nc5 18. Qg3 O-O 19. Kb1 Kh8 20. Nf4 Qc7 21. Nh5 Rg8 22. h4 a5 23. Qf4 a4 24. Bc4 a3 25. Re3 axb2 26. Rg3 Na4 27. Ne2 g5 28. hxg5 Bxg5 29. Rxg5 Rxg5 30. Qf6+ Kg8 31. Qxh6 Rxh5 32. Qxh5 Qxc4 33. Qg5+ Kf8 34. Rh1 Nc3+ 35. Nxc3 1-0


[Site "https://www.chess.com"]

[Event "Titled Tuesday Blitz March 28 Late 2023"]
[White "Xiong, Jeffery"]
[Black "Moussard, Jules"]
[WhiteFideId "2047640"]
[BlackFideId "642908"]
[WhiteElo "2726"]
[BlackElo "2610"]
[Result "1-0"]
[Round "04"]
[TimeControl "180+2"]
[Date "2023.03.28"]
[WhiteClock "0:01:33"]
[BlackClock "0:00:38"]

1. e4 c5 2. Nf3 e6 3. c3 Nf6 4. Bd3 Nc6 5. Bc2 d5 6. e5 Nd7 7. d4 cxd4 8. cxd4 Nb4 9. Bb3 b6 10. a3 Nc6 11. O-O Ba6 12. Re1 Be7 13. Bc2 Rc8 14. Nc3 Na5 15. Bd2 Nc4 16. Rb1 b5 17. Ne2 Nxd2 18. Qxd2 b4 19. Nf4 bxa3 20. bxa3 O-O 21. Re3 Nb6 22. Bd3 Nc4 23. Bxc4 dxc4 24. d5 Bc5 25. Rc3 exd5 26. Nxd5 Kh8 27. Ng5 h6 28. Ne4 Qd7 29. Rh3 Qe6 30. Ndf6 Qxh3 31. gxh3 Be7 32. Nd5 Rfd8 33. Nxe7 Rxd2 34. Nxc8 Ra2 35. Ncd6 Rxa3 36. Nxf7+ Kh7 37. Nfd6 c3 38. Rc1 c2 39. Rxc2 Ra5 40. f4 Ra4 41. Nc5 Ra1+ 42. Kf2 Bf1 43. e6 Bxh3 44. e7 Rf1+ 45. Ke3 Re1+ 46. Re2 Rc1 47. e8=Q Rxc5 1-0


[Site "https://www.chess.com"]

[Event "Titled Tuesday Blitz March 28 Late 2023"]
[White "Kovalev, Vladislav"]
[Black "Sadhwani, Raunak"]
[WhiteFideId "13504398"]
[BlackFideId "35093487"]
[WhiteElo "2555"]
[BlackElo "2631"]
[Result "0-1"]
[Round "04"]
[TimeControl "180+2"]
[Date "2023.03.28"]
[WhiteClock "0:00:01"]
[BlackClock "0:00:05"]

1. e4 g6 2. d4 Bg7 3. Be3 d6 4. Qd2 c6 5. c4 a6 6. a4 a5 7. Nc3 Na6 8. Bd3 Nf6 9. f3 O-O 10. Nge2 Nb4 11. O-O e5 12. d5 Qe7 13. Rac1 Nd7 14. Bb1 Rd8 15. dxc6 bxc6 16. Rfd1 Bf8 17. Na2 Rb8 18. Nxb4 Rxb4 19. c5 dxc5 20. Ba2 Re8 21. Qc2 Ba6 22. Ng3 c4 23. Bd2 Nb6 24. Kh1 c5 25. Ne2 Rxa4 26. b3 cxb3 27. Bxb3 Bxe2 28. Bxa4 Bxd1 29. Rxd1 Nxa4 30. Qxa4 Rd8 31. Bxa5 Rd4 32. Rxd4 exd4 33. Qc4 Qa7 34. Qb5 c4 35. h3 c3 36. Bb6 Qa1+ 0-1


[Site "https://www.chess.com"]

[Event "Titled Tuesday Blitz March 28 Late 2023"]
[White "Martinez Alcantara, Jose Eduardo"]
[Black "Bernadskiy, Vitaliy"]
[WhiteFideId "3805662"]
[BlackFideId "14100371"]
[WhiteElo "2712"]
[BlackElo "2488"]
[Result "1-0"]
[Round "04"]
[TimeControl "180+2"]
[Date "2023.03.28"]
[WhiteClock "0:00:15"]
[BlackClock "0:00:03"]

1. e4 e5 2. Nf3 Nc6 3. Bb5 Nf6 4. O-O Nxe4 5. Re1 Nd6 6. Nxe5 Be7 7. Bf1 Nxe5 8. Rxe5 O-O 9. Nc3 Ne8 10. Nd5 Bd6 11. Re1 c6 12. Ne3 Be7 13. c4 Bf6 14. d4 d5 15. cxd5 cxd5 16. Bd2 Nc7 17. Qb3 Bxd4 18. Rad1 Re8 19. Ba5 Bxe3 20. Rxe3 Rxe3 21. Qxe3 b6 22. Bc3 Ne6 23. Qg3 Bb7 24. Bd3 d4 25. Bd2 Rc8 26. h4 Qd5 27. b3 Rd8 28. Re1 Qd6 29. Qg4 Bd5 30. h5 Nc5 31. h6 g6 32. Qxd4 Qf8 33. Bc3 f6 34. Bc4 Bxc4 35. Qxc4+ Qf7 36. Re7 Qxc4 37. bxc4 Rd7 38. Bxf6 Rxe7 39. Bxe7 Nd3 40. Bd6 Kf7 41. Kf1 Ke6 42. Bb8 a6 43. Ba7 Nb2 44. Bxb6 Nxc4 45. Bd4 Kf5 46. Ke2 Kg5 47. Kd3 Nd6 48. Be3+ Kg4 49. Bd2 Nf5 50. a4 Nh4 51. f3+ Kh5 52. g4# 1-0


[Site "https://www.chess.com"]

[Event "Titled Tuesday Blitz March 28 Late 2023"]
[White "Anton Guijarro, David"]
[Black "Bartel, Mateusz"]
[WhiteFideId "2285525"]
[BlackFideId "1112635"]
[WhiteElo "2618"]
[BlackElo "2521"]
[Result "1-0"]
[Round "04"]
[TimeControl "180+2"]
[Date "2023.03.28"]
[WhiteClock "0:00:15"]
[BlackClock "0:00:04"]

1. Nf3 d5 2. c4 d4 3. b4 g5 4. h3 a5 5. b5 h6 6. d3 Bg7 7. g3 b6 8. Bg2 Bb7 9. Nbd2 Nd7 10. a4 e5 11. Nb3 Ne7 12. O-O Rb8 13. Ba3 O-O 14. Rc1 c5 15. e3 Re8 16. Re1 Ng6 17. Nh2 Bxg2 18. Kxg2 f5 19. Qh5 Qf6 20. e4 Rf8 21. exf5 Qxf5 22. Qf3 Qxf3+ 23. Nxf3 Rf7 24. Nbd2 Rbf8 25. Re2 Bf6 26. Rce1 Bd8 27. Nh2 h5 28. Bc1 Be7 29. Ne4 Rf5 30. Rf1 Kg7 31. Rfe1 Kg8 32. Nd2 Kg7 33. Ndf3 Bd8 34. g4 hxg4 35. hxg4 Nf4+ 36. Bxf4 Rxf4 37. Re4 Rxe4 38. Rxe4 Nf6 39. Re2 Re8 40. Rxe5 Rxe5 41. Nxe5 Bc7 42. Nhf3 Bxe5 43. Nxe5 Kh6 44. Kg3 Kg7 45. f4 gxf4+ 46. Kxf4 Kf8 47. g5 Nh5+ 48. Kg4 Ke7 49. Kxh5 1-0


[Site "https://www.chess.com"]

[Event "Titled Tuesday Blitz March 28 Late 2023"]
[White "Pakleza, Zbigniew"]
[Black "Maghsoodloo, Parham"]
[WhiteFideId "1119290"]
[BlackFideId "12539929"]
[WhiteElo "2410"]
[BlackElo "2647"]
[Result "0-1"]
[Round "04"]
[TimeControl "180+2"]
[Date "2023.03.28"]
[WhiteClock "0:00:03"]
[BlackClock "0:00:05"]

1. d4 Nf6 2. Nf3 d5 3. Bf4 c5 4. c3 Qb6 5. Qb3 c4 6. Qc2 g6 7. Nbd2 Bf5 8. Qc1 Nc6 9. h3 h5 10. e3 Qd8 11. Be2 b5 12. Ne5 Nxe5 13. Bxe5 Bg7 14. O-O O-O 15. Bf3 Bd3 16. Re1 Ne4 17. Bxg7 Kxg7 18. Be2 Bxe2 19. Nxe4 dxe4 20. Rxe2 h4 21. b3 Qd5 22. Rb2 Rfc8 23. Rab1 a6 24. a4 cxb3 25. axb5 axb5 26. Rxb3 Rab8 27. Qf1 Rc4 28. Qe2 f5 29. Qb2 Qd6 30. Rb4 Rbc8 31. Rxb5 Rxc3 32. Rc5 R8xc5 33. dxc5 Qe5 34. c6 Qf6 35. Rd1 Rxc6 36. Qb8 Rd6 37. Rc1 Qe5 38. Qb7 Rd8 39. Qb3 Rd2 40. Qb4 Qd6 41. Qc3+ Kh7 42. Qc8 Rd1+ 43. Rxd1 Qxd1+ 44. Kh2 Qd6+ 45. Kg1 Kg7 46. Qc3+ Qf6 47. Qc8 g5 48. Qe8 f4 49. Qh5 Qa1+ 50. Kh2 Qe5 51. Kg1 Qf5 52. Qe8 Qc5 53. Kh2 fxe3 54. fxe3 Kf6 55. Qf8+ Ke6 56. Qg8+ Kd7 57. Qf7 Kd6 58. Qg6+ e6 59. Qf7 Qxe3 60. Qf8+ Kd5 61. Qd8+ Kc4 62. Qc7+ Qc5 63. Qf7 Qe5+ 64. Kh1 e3 65. Qf1+ e2 66. Qe1 Kd3 67. Qb1+ Kd2 68. Qb2+ Qxb2 0-1


[Site "https://www.chess.com"]

[Event "Titled Tuesday Blitz March 28 Late 2023"]
[White "Paravyan, David"]
[Black "Van Foreest, Lucas"]
[WhiteFideId "4194985"]
[BlackFideId "1039792"]
[WhiteElo "2577"]
[BlackElo "2519"]
[Result "1-0"]
[Round "04"]
[TimeControl "180+2"]
[Date "2023.03.28"]
[WhiteClock "0:01:15"]
[BlackClock "0:01:37"]

1. e4 b5 2. d4 Bb7 3. Nd2 a6 4. Ngf3 e6 5. Bd3 c5 6. c3 Nf6 7. O-O cxd4 8. cxd4 Nc6 9. Re1 d6 10. d5 Ne5 11. Nb3 Nxd3 12. Qxd3 e5 13. Bd2 Be7 14. Na5 Qd7 15. Rac1 O-O 16. Rc2 Rfc8 17. Rec1 Rxc2 18. Rxc2 Rc8 19. Bb4 Rxc2 20. Qxc2 Qc8 21. Nc6 Bf8 22. Nd2 Nd7 23. Nb3 Nb8 24. Nba5 Ba8 25. Ne7+ 1-0


[Site "https://www.chess.com"]

[Event "Titled Tuesday Blitz March 28 Late 2023"]
[White "Ozen, Bahadir"]
[Black "Drygalov, Andrey"]
[WhiteFideId "6337058"]
[BlackFideId "24171735"]
[WhiteElo "2503"]
[BlackElo "2471"]
[Result "0-1"]
[Round "04"]
[TimeControl "180+2"]
[Date "2023.03.28"]
[WhiteClock "0:00:18"]
[BlackClock "0:00:15"]

1. h3 d5 2. Nf3 Nf6 3. c3 c5 4. d4 Nc6 5. e3 e6 6. Nbd2 Qc7 7. Bd3 Bd6 8. dxc5 Bxc5 9. O-O O-O 10. b4 Be7 11. Bb2 e5 12. e4 dxe4 13. Nxe4 Nh5 14. b5 Nf4 15. bxc6 Rd8 16. Ne1 Qxc6 17. Qf3 f5 18. Bc2 fxe4 19. Qxe4 Qxe4 20. Bxe4 Rd2 21. Rb1 Be6 22. Nf3 Re2 23. Bxb7 Rb8 24. Bc1 Nd3 25. Be3 Rxa2 26. Bd5 Bxd5 27. Rxb8+ Kf7 28. Rd1 e4 29. Ne5+ Ke6 30. Nxd3 exd3 31. Rxd3 Ra1+ 32. Kh2 Bd6+ 33. f4 Bxb8 34. Kg3 Ra2 35. Bd2 Bxg2 36. Rd8 Bc7 37. Rc8 Kd7 38. Rg8 Rxd2 39. Rxg7+ Kc6 40. c4 Be4 41. Re7 Rg2+ 42. Kh4 Bd8 0-1


[Site "https://www.chess.com"]

[Event "Titled Tuesday Blitz March 28 Late 2023"]
[White "Deac, Bogdan-Daniel"]
[Black "Mendonca, Leon Luke"]
[WhiteFideId "1226380"]
[BlackFideId "35028561"]
[WhiteElo "2649"]
[BlackElo "2464"]
[Result "0-1"]
[Round "04"]
[TimeControl "180+2"]
[Date "2023.03.28"]
[WhiteClock "0:00:08"]
[BlackClock "0:00:10"]

1. b3 Nf6 2. Bb2 b6 3. Nf3 Bb7 4. c4 g6 5. g3 Bg7 6. Bg2 O-O 7. O-O c5 8. d3 d6 9. Nbd2 Nbd7 10. a3 a6 11. Rc1 b5 12. Rc2 Qb6 13. Qa1 Rfc8 14. Rfc1 Rab8 15. h3 bxc4 16. bxc4 Bc6 17. Bc3 Qc7 18. Rb1 Rxb1+ 19. Qxb1 Rb8 20. Rb2 Rxb2 21. Qxb2 Ne8 22. Bxg7 Nxg7 23. e3 Qb6 24. Qc3 Qb7 25. d4 cxd4 26. exd4 Nb6 27. h4 Na4 28. Qa5 Qb6 29. Qg5 Nf5 30. d5 Bd7 31. g4 f6 32. Qf4 Ng7 33. Ne4 Qb1+ 34. Kh2 Qc2 35. Nd4 Qb2 36. Nc6 Bxc6 37. dxc6 Ne6 38. Nxf6+ Qxf6 39. Qxf6 exf6 40. Bd5 Kf7 41. c7 Nb6 42. a4 a5 43. g5 fxg5 44. hxg5 Ke7 45. f4 Nxc7 46. Bg8 Ne6 47. Bxh7 Nxf4 0-1


[Site "https://www.chess.com"]